 Dungeon Crawl Stone Soup version 0.24.0-123-gd5b16e6ec5 (webtiles) character file.

Game seed: 18220938272430957685, levelgen mode: deterministic

5541 Ygven the Protected (level 10, -8/90 HPs)
             Began as a Minotaur Fighter on Feb 9, 2020.
             Was the Champion of Uskayaw.
             Killed by nerve-wracking pain
             ... invoked by an orc priest
              (13 damage)
             ... on level 9 of the Dungeon on Feb 11, 2020.
             The game lasted 02:01:17 (10136 turns).

Ygven the Protected (Minotaur Fighter)             Turns: 10136, Time: 02:01:20

Health: -8/90      AC: 16    Str: 23    XL:     10   Next: 43%
Magic:  9/9        EV:  6    Int:  5    God:    Uskayaw [******]
Gold:   419        SH: 12    Dex: 11    Spells: 9/9 levels left

rFire    . . .     SeeInvis .   x - +1 scimitar
rCold    + . .     Gourm    .   c - +0 shield
rNeg     . . .     Faith    .   J - +1 plate armour
rPois    .         Spirit   .   (helmet restricted)
rElec    .         Reflect  .   (no cloak)
rCorr    .         Harm     .   (no gloves)
MR       .....                  (no boots)
Stlth    ..........             (no amulet)
HPRegen  0.25/turn              w - ring of protection from cold
MPRegen  0.11/turn              (no ring)

@: about to teleport, berserk cooldown, slowed, very slow
A: retaliatory headbutt, horns 2
a: Stomp, Line Pass, Grand Finale, Renounce Religion


You were on level 9 of the Dungeon.
You worshipped Uskayaw.
Uskayaw was noncommittal.
You were not hungry.

You visited 2 branches of the dungeon, and saw 10 of its levels.

You collected 419 gold pieces.

Inventory:

Hand Weapons
 h - a +4 quarterstaff of chaos
 l - a +3 shortbow of velocity
 x - a +1 scimitar (weapon)
 E - a +0 hunting sling of flaming
Missiles
 k - 64 poisoned darts (quivered)
 p - 115 arrows
 y - 3 throwing nets
 D - 53 sling bullets
Armour
 c - a +0 shield (worn)
 F - a +0 buckler
 J - a +1 plate armour (worn)
Jewellery
 i - an uncursed amulet of harm
 w - a ring of protection from cold (left hand)
Wands
 j - a wand of paralysis (13)
 B - a wand of iceblast (7)
 H - a wand of disintegration (14)
 I - a wand of random effects (19)
Scrolls
 b - 2 scrolls of remove curse
 g - 5 scrolls of identify
 n - 2 scrolls of fear
 K - a scroll of amnesia
Potions
 d - a potion of might
 o - a potion of curing
 s - a potion of berserk rage
 v - 2 potions of lignification
 C - 2 potions of mutation
Comestibles
 f - 21 rations


   Skills:
 + Level 8.4 Fighting
 + Level 8.1 Long Blades
 * Level 11.3 Armour
 * Level 11.2 Shields


You had 9 spell levels left.
You didn't know any spells.
Your spell library contained the following spells:

 Spells                   Type           Power        Failure   Level  Hunger
 Animate Skeleton         Necr           N/A          100%        1    ##.....
 Confusing Touch          Hex            #.....       100%        1    ##.....
 Magic Dart               Conj           #...         100%        1    ##.....
 Pain                     Necr           #...         100%        1    ##.....
 Blink                    Tloc           N/A          100%        2    ###....
 Call Imp                 Summ           #.......     100%        2    ###....
 Slow                     Hex            #.......     100%        2    ###....
 Confuse                  Hex            #.......     100%        3    ####...
 Conjure Flame            Conj/Fire      #.......     100%        3    ####...
 Gell's Gravitas          Tloc           #.........   100%        3    ####...
 Mephitic Cloud           Conj/Pois/Air  #.......     100%        3    ####...
 Regeneration             Chrm/Necr      #.........   100%        3    ####...
 Vampiric Draining        Necr           #.........   100%        3    ####...
 Animate Dead             Necr           N/A          100%        4    #####..
 Petrify                  Tmut/Erth      #.......     100%        4    #####..
 Metabolic Englaciation   Hex/Ice        #.........   100%        5    ######.
 Yara's Violent Unravell  Hex/Tmut       #.........   100%        5    ######.


Dungeon Overview and Level Annotations

Branches:
Dungeon (9/15)             Temple (1/1) D:5
   Lair: D:8-11         Orc: D:9-12

Altars:
Ashenzari
Cheibriados
Dithmenos
Elyvilon
Fedhas
Gozag
Hepliaklqana
Kikubaaqudgha
Makhleb
Nemelex Xobeh
Okawaru
Qazlal
Ru
Sif Muna
Trog
Uskayaw
Vehumet
Wu Jian
Xom
Yredelemnul
Zin
The Shining One

Shops:
D:8 }


Innate Abilities, Weirdness & Mutations

You reflexively headbutt those who attack you in melee.
You have a pair of horns on your head.


Message History

The yak is moderately wounded.
You block the orc's attack. The yak barely misses you.
The orc completely misses you. You furiously retaliate!
You headbutt the orc!
You kill the orc!
The orc hits you from afar with a +0 trident.
* * * LOW HITPOINT WARNING * * *
The big kobold throws a boomerang of dispersal.
You block the boomerang of dispersal.
The two-headed ogre hits you with a +0 giant spiked club.
* * * LOW HITPOINT WARNING * * *
The two-headed ogre hits you with a +0 giant club!
* * * LOW HITPOINT WARNING * * *
You feel much better. You block the yak's attack.
The orc completely misses you. The yak gores you but does no damage.
The two-headed ogre hits you with a +0 giant spiked club!!
* * * LOW HITPOINT WARNING * * *
You block the two-headed ogre's attack.
The orc priest invokes the aid of Beogh against you.
Pain shoots through your body!
You die...

## #.# ###
##..####.#
#.....#..####
##.........#@###
.......!..oOYo.#
.......$..o.nK..#
.##.............#
.........######..#
.........######..#
..........#......#
........On#..# ..#
.............##..#


You could see a two-headed ogre, a yak, a big kobold, a necrophage, an orc
priest and 2 orcs.

Vanquished Creatures
  Harold (D:7)
  Joseph (D:7)
  A spriggan (D:7)
  5 yaks
  A wyvern (D:8)
  Menkaure (D:4)
  A water moccasin (D:5)
  Duvessa (D:7)
  4 black bears
  An ice beast (D:6)
  A phantom (D:5)
  A necrophage (D:8)
  3 centaurs
  6 ogres
  2 big kobolds
  3 bullfrogs
  Dowan (D:7)
  A water moccasin zombie (D:5)
  5 scorpions
  2 howler monkeys
  A crimson imp (D:7)
  A centaur zombie (D:7)
  Crazy Yiuf (D:7)
  2 orc priests
  3 hounds
  A bullfrog skeleton (D:4)
  A centaur skeleton (D:5)
  Terence (D:2)
  6 orc wizards
  4 worker ants
  A hound zombie (D:5)
  A hound skeleton (D:6)
  A howler monkey zombie (D:8)
  A worker ant zombie (D:8)
  Robin (D:3)
  11 gnolls
  13 adders
  A shadow imp (D:2)
  2 adder skeletons
  3 dart slugs
  10 leopard geckos
  23 orcs
  7 bats
  5 giant cockroaches
  15 hobgoblins
  11 jackals
  7 quokkas
  2 ball pythons
  2 frilled lizards (D:3)
  7 goblins
  12 kobolds
  A leopard gecko skeleton (D:5)
  8 rats
208 creatures vanquished.

Notes
Turn   | Place    | Note
-------+----------+-------------------------------------------
     0 | D:1      | Ygven the Minotaur Fighter began the quest for the Orb.
     0 | D:1      | Reached XP level 1. HP: 19/19 MP: 0/0
   189 | D:1      | Reached XP level 2. HP: 17/27 MP: 1/1
   778 | D:2      | Reached XP level 3. HP: 14/33 MP: 2/2
  1064 | D:2      | Noticed Terence
  1079 | D:2      | Killed Terence
  1079 | D:2      | Reached XP level 4. HP: 24/40 MP: 3/3
  1673 | D:2      | Found a faded altar of an unknown god.
  1822 | D:3      | Found a hide-covered altar of Uskayaw.
  1822 | D:3      | Noticed Robin
  1845 | D:3      | Reached skill level 5 in Armour
  1845 | D:3      | Reached XP level 5. HP: 15/47 MP: 4/4
  2149 | D:3      | Reached skill level 5 in Shields
  2165 | D:3      | Killed Robin
  2408 | D:3      | Found a basalt altar of Yredelemnul.
  3009 | D:3      | Became a worshipper of Uskayaw the Reveler
  3241 | D:4      | Noticed an ogre
  3245 | D:4      | Reached * piety under Uskayaw
  3247 | D:4      | Killed an ogre
  3247 | D:4      | Reached XP level 6. HP: 55/55 MP: 5/5
  3247 | D:4      | Reached ** piety under Uskayaw
  3361 | D:4      | Reached skill level 5 in Fighting
  3364 | D:4      | Reached *** piety under Uskayaw
  3477 | D:4      | Reached XP level 7. HP: 47/61 MP: 6/6
  3491 | D:4      | Reached **** piety under Uskayaw
  3558 | D:4      | Noticed Menkaure
  3573 | D:4      | Killed Menkaure
  4175 | D:4      | Reached skill level 5 in Long Blades
  4599 | D:5      | Entered Level 5 of the Dungeon
  4605 | D:5      | Found a staircase to the Ecumenical Temple.
  4678 | D:5      | Reached XP level 8. HP: 65/70 MP: 2/7
  5467 | D:5      | Found an ornate altar of the Wu Jian Council.
  5638 | Temple   | Entered the Ecumenical Temple
  6377 | D:6      | Found a white marble altar of Elyvilon.
  6852 | D:6      | Found an ancient bone altar of Kikubaaqudgha.
  7136 | D:6      | Found a stormy altar of Qazlal.
  7204 | D:6      | Found a glowing silver altar of Zin.
  7397 | D:7      | Noticed Harold
  7441 | D:7      | Paralysed by Harold for 6 turns
  7454 | D:7      | Killed Harold
  7454 | D:7      | Reached XP level 9. HP: 53/79 MP: 6/8
  7460 | D:7      | Reached ***** piety under Uskayaw
  8110 | D:7      | Reached skill level 10 in Armour
  8110 | D:7      | Reached skill level 10 in Shields
  8170 | D:7      | Noticed Joseph
  8189 | D:7      | Killed Joseph
  8223 | D:7      | Found a runed translucent door.
  8224 | D:7      | Noticed Crazy Yiuf
  8236 | D:7      | Killed Crazy Yiuf
  8432 | D:7      | Noticed Dowan
  8434 | D:7      | Noticed Duvessa
  8465 | D:7      | Killed Duvessa
  8478 | D:7      | Killed Dowan
  8565 | D:7      | Reached XP level 10. HP: 70/88 MP: 9/9
  9264 | D:8      | Found an iron altar of Okawaru.
  9264 | D:8      | Found an opulent altar of Gozag.
  9330 | D:8      | Found Ruh Unua's Gadget Boutique.
  9434 | D:9      | Noticed a two-headed ogre
 10131 | D:9      | Reached ****** piety under Uskayaw
 10135 | D:9      | HP: 2/90 [two-headed ogre/+0 giant spiked club (7)]
 10136 | D:9      | Killed from afar by an orc priest

Levels and vault maps discovered:
D:1:      dpeg_arrival_short_road, layout_rooms, minmay_tetromino_o4
D:2:      layout_loops_ring, chequers_ecumenical_altar_simple,
          grunt_ministairs_2, st_stairs_11, kennysheep_generic_room_5,
          uniq_terence
D:3:      layout_loops_cross, old_standard_altar,
          eat_drink_and_be_merry_uskayaw, first_ration, uniq_robin
D:4:      layout_gridville, lightli_ossuary_entry_decrepit_ruins, st_stairs_14,
          uniq_menkaure
D:5:      layout_cave_pods, kennysheep_mini_moat,
          minmay_temple_entry_mini_moons, minmay_misc_feat_diagonals
D:6:      layout_loops_cross, nicolae_qazlal_eye_of_the_storm,
          old_standard_altar, lemuel_doored_altar, elyvilon_altar_5,
          minmay_crossroads
D:7:      layout_cave_pods, the_bakery, supply_closet_lemuel,
          uniq_crazy_yiuf_cottage, uniq_duvessa, uniq_harold, uniq_joseph
D:8:      layout_rooms, gammafunk_temple_overflow_pools, serial_shops,
          nicolae_shop_behind_doors, hangedman_decor_slide_cut,
          serial_bayou_pond_d
D:9:      layout_cave_pools, grunt_ministairs_12, minmay_unpleasant_kobolds
Temple:   nicolae_temple_figure_eight

Skill      XL: |  1  2  3  4  5  6  7  8  9 10 |
---------------+-------------------------------+-----
Shields        | 4 5 6 7 9 10 11 | 11.2
Armour         | 4 5 6 7 9 10 11 | 11.3
Long Blades    | 3 4 5 6 7 8 |  8.1
Fighting       | 4 5 7 8 |  8.4

Action                   |  1- 3 |  4- 6 |  7- 9 | 10-12 || total
-------------------------+-------+-------+-------+-------++-------
Melee: Long sword        |    83 |   178 |   251 |       ||   512
       Headbutt          |    13 |    33 |    83 |    23 ||   152
       Scimitar          |       |       |   105 |   105 ||   210
Invok: Stomp             |       |       |     3 |     1 ||     4
       Line Pass         |       |       |     1 |       ||     1
  Use: Scroll            |     5 |     4 |     6 |     8 ||    23
       Potion            |     2 |     3 |     3 |     4 ||    12
 Stab: Paralysed         |       |     2 |     7 |     4 ||    13
       Confused          |       |       |     1 |       ||     1
  Eat: Ration            |     1 |     2 |     4 |     2 ||     9
       Chunk             |       |       |     2 |       ||     2
Armor: Scale mail        |    31 |       |       |       ||    31
       Chain mail        |       |   112 |   171 |    21 ||   304
       Plate armour      |       |       |       |    54 ||    54
Dodge: Dodged            |    33 |    54 |    94 |    47 ||   228
Block: Shield            |    44 |   108 |   232 |    95 ||   479
       Rpst.: Long sword |    13 |    12 |    20 |       ||    45
       Scimitar          |       |       |     5 |    11 ||    16
